General information
- name: BNet
- type: Ladder team game (AT/RT)
- host: Battle.net
- saver: LikeWolves
map: MarketSquare
- players: 8
- length: 35:39
- speed: Fast
- version: 1.26 W3XP
- replay type: Public
» download(219 KB)
Players
team 1 (loser)
messi_kaka (
red | 40 APM | 1387 actions | 34:47)
5 Mountain King
3 Storm Bolt
2 Thunder Clap
4 Paladin
2 Divine Shield
2 Holy Light
» actions
| Basic commands | 45 | |
| Build / train | 115 | |
| Enter build submenu | 55 | |
| Enter hero's abilities submenu | 9 | |
| Give item / drop item | 1 | |
| Remove unit from queue | 4 | |
| Right click | 488 | |
| Select / deselect | 590 | |
| Use ability | 79 | |
1387 total
» units
| Peasant | 30 | |
| Footman | 15 | |
| Knight | 4 | |
| Mortar Team | 9 | |
58 total
» upgrades
| Plating | 2 | |
| Swords | 2 | |
| Defend | 2 | |
| Masonry | 1 | |
| Lumber Harvesting | 2 | |
| Gunpowder | 2 | |
| Fragmentation Shards | 1 | |
12 total
» buildings
| Altar of Kings | 2 | |
| Farm | 12 | |
| Barracks | 2 | |
| Lumber Mill | 2 | |
| Town Hall | 1 | |
| Scout Tower | 17 | |
| Blacksmith | 1 | |
| Guard Tower | 17 | |
| Keep | 2 | |
| Arcane Vault | 1 | |
| Arcane Sanctum | 2 | |
| Castle | 1 | |
| Gryphon Aviary | 4 | |
| Workshop | 5 | |
69 total
» build order
00:19 Altar of Kings
00:38 Farm
00:42 Barracks
01:13 Farm
01:56 Farm
02:14 Lumber Mill
02:33 Farm
03:16 Farm
03:57 Farm
04:38 Farm
05:01 Town Hall
05:03 Scout Tower
05:09 Scout Tower
05:40 Blacksmith
06:08 Guard Tower
06:11 Scout Tower
06:15 Scout Tower
06:47 Guard Tower
06:50 Scout Tower
06:52 Scout Tower
06:59 Keep
07:19 Guard Tower
07:21 Guard Tower
07:25 Scout Tower
07:27 Scout Tower
07:43 Arcane Vault
07:54 Guard Tower
08:05 Scout Tower
08:07 Guard Tower
08:07 Guard Tower
08:39 Guard Tower
08:48 Scout Tower
09:26 Barracks
09:47 Arcane Sanctum
09:53 Scout Tower
09:55 Guard Tower
10:34 Guard Tower
10:38 Scout Tower
10:43 Castle
11:29 Guard Tower
11:33 Scout Tower
11:42 Guard Tower
12:12 Guard Tower
12:12 Guard Tower
12:16 Farm
13:16 Farm
14:08 Gryphon Aviary
14:12 Gryphon Aviary
14:56 Workshop
15:02 Workshop
15:06 Farm
15:44 Workshop
15:47 Workshop
16:37 Workshop
16:51 Farm
18:19 Farm
22:22 Keep
26:22 Gryphon Aviary
27:13 Gryphon Aviary
29:20 Lumber Mill
29:25 Scout Tower
29:27 Scout Tower
30:08 Guard Tower
30:12 Scout Tower
30:17 Arcane Sanctum
30:46 Guard Tower
30:51 Altar of Kings
30:59 Scout Tower
31:32 Guard Tower
» items
| Scroll of Regeneration | 1 | |
| Ivory Tower | 2 | |
| Potion of Lesser Invulnerability | 2 | |
| Boots of Speed | 1 | |
| Periapt of Vitality | 2 | |
| Circlet of Nobility | 1 | |
| Staff of Teleportation | 1 | |
10 total
DIET-PEPSI-4EVA (
teal | 66 APM | 2353 actions | 35:36)
4 Blademaster
2 Wind Walk
2 Critical Strike
» actions
| Assign group hotkey | 96 | |
| Basic commands | 222 | |
| Build / train | 54 | |
| Enter build submenu | 20 | |
| Enter hero's abilities submenu | 4 | |
| Give item / drop item | 5 | |
| Right click | 670 | |
| Select / deselect | 224 | |
| Select group hotkey | 963 | |
| Use ability | 95 | |
2353 total
» units
| Peon | 10 | |
| Wind Rider | 13 | |
| Raider | 3 | |
26 total
» upgrades
| Reinforced Defenses | 1 | |
| Envenomed Spears | 1 | |
| Ranged Weapons | 2 | |
| Armor | 1 | |
5 total
» buildings
| Altar of Storms | 1 | |
| Orc Burrow | 8 | |
| Voodoo Lounge | 1 | |
| War Mill | 1 | |
| Stronghold | 4 | |
| Watch Tower | 18 | |
| Beastiary | 3 | |
| Fortress | 1 | |
37 total
» build order
00:10 Altar of Storms
00:19 Orc Burrow
01:06 Voodoo Lounge
01:50 War Mill
02:20 Stronghold
02:20 Stronghold
02:21 Stronghold
02:38 Orc Burrow
02:39 Orc Burrow
02:40 Orc Burrow
03:03 Watch Tower
03:04 Watch Tower
04:00 Watch Tower
04:51 Beastiary
05:23 Beastiary
06:00 Fortress
06:41 Watch Tower
06:42 Watch Tower
07:19 Watch Tower
07:20 Watch Tower
07:22 Watch Tower
08:53 Beastiary
09:43 Orc Burrow
10:54 Watch Tower
10:55 Watch Tower
10:56 Watch Tower
10:57 Watch Tower
12:10 Watch Tower
12:11 Watch Tower
12:11 Watch Tower
12:12 Watch Tower
12:59 Orc Burrow
15:00 Watch Tower
15:01 Watch Tower
17:09 Orc Burrow
23:31 Stronghold
25:59 Orc Burrow
» items
| Healing Salve | 3 | |
| Lesser Clarity Potion | 1 | |
| Staff of Teleportation | 2 | |
| Boots of Speed | 1 | |
| Tiny Great Hall | 1 | |
| Scroll of Town Portal | 3 | |
| Potion of Lesser Invulnerability | 1 | |
12 total
RiKi_MaRu (
pink | 40 APM | 1137 actions | 28:16)
5 Death Knight
3 Death Coil
2 Unholy Aura
» actions
| Build / train | 75 | |
| Enter build submenu | 27 | |
| Enter hero's abilities submenu | 5 | |
| Right click | 620 | |
| Select / deselect | 347 | |
| Use ability | 63 | |
1137 total
» units
| Acolyte | 26 | |
| Ghoul | 4 | |
| Crypt Fiend | 8 | |
| Frost Wyrm | 9 | |
47 total
» upgrades
| Creature Attack | 3 | |
| Web | 1 | |
| Creature Carapace | 3 | |
| Freezing Breath | 1 | |
8 total
» buildings
| Altar of Darkness | 1 | |
| Ziggurat | 16 | |
| Crypt | 1 | |
| Tomb of Relics | 1 | |
| Graveyard | 1 | |
| Nerubian Tower | 1 | |
| Halls of the Dead | 1 | |
| Sacrificial Pit | 1 | |
| Black Citadel | 1 | |
| Spirit Tower | 9 | |
| Boneyard | 3 | |
36 total
» build order
00:10 Altar of Darkness
00:17 Ziggurat
00:20 Ziggurat
00:26 Ziggurat
00:49 Crypt
01:26 Tomb of Relics
01:36 Graveyard
01:48 Ziggurat
01:52 Nerubian Tower
04:32 Halls of the Dead
04:38 Ziggurat
06:39 Ziggurat
07:32 Ziggurat
07:42 Sacrificial Pit
08:07 Ziggurat
08:12 Ziggurat
08:14 Ziggurat
08:18 Ziggurat
08:26 Ziggurat
08:44 Black Citadel
08:59 Spirit Tower
10:15 Spirit Tower
10:26 Spirit Tower
10:49 Spirit Tower
11:40 Spirit Tower
12:08 Boneyard
12:14 Boneyard
12:18 Boneyard
12:21 Spirit Tower
13:06 Spirit Tower
15:26 Ziggurat
16:40 Ziggurat
16:44 Ziggurat
17:00 Spirit Tower
17:06 Ziggurat
19:16 Spirit Tower
» items
| Rod of Necromancy | 1 | |
| Dust of Appearance | 1 | |
2 total
BrokenMask (
purple | 62 APM | 1773 actions | 28:40)
5 Keeper of the Grove
1 Force of Nature
1 Entangling Roots
3 Thorns Aura
» actions
| Basic commands | 70 | |
| Build / train | 51 | |
| Enter build submenu | 15 | |
| Enter hero's abilities submenu | 5 | |
| Right click | 1171 | |
| Select / deselect | 428 | |
| Use ability | 33 | |
1773 total
» units
| Wisp | 11 | |
| Archer | 13 | |
| Huntress | 3 | |
| Hippogryph | 8 | |
35 total
» upgrades
| Hippogryph Taming | 1 | |
| Moon Armor | 3 | |
| Strength of the Moon | 3 | |
7 total
» buildings
| Moon Well | 7 | |
| Altar of Elders | 1 | |
| Ancient of War | 1 | |
| Hunter's Hall | 1 | |
| Tree of Ages | 1 | |
| Ancient of Wind | 2 | |
| Tree of Life | 1 | |
| Tree of Eternity | 1 | |
15 total
» build order
00:20 Moon Well
00:31 Altar of Elders
00:49 Ancient of War
01:26 Moon Well
03:42 Hunter's Hall
03:55 Moon Well
04:32 Tree of Ages
05:23 Moon Well
06:56 Ancient of Wind
06:59 Ancient of Wind
07:22 Tree of Life
08:39 Moon Well
11:28 Moon Well
14:05 Moon Well
17:42 Tree of Eternity
» items
team 2 (winner)

»
Roman (
blue | 52 APM | 889 actions | 17:07)
4 Priestess of the Moon
2 Searing Arrows
2 Trueshot Aura
1 Naga Sea Witch
1 Forked Lightning
» actions
| Assign group hotkey | 15 | |
| Basic commands | 19 | |
| Build / train | 47 | |
| ESC pressed | 2 | |
| Enter build submenu | 26 | |
| Enter hero's abilities submenu | 5 | |
| Remove unit from queue | 2 | |
| Right click | 294 | |
| Select / deselect | 173 | |
| Select group hotkey | 277 | |
| Use ability | 29 | |
889 total
» units
» upgrades
| Improved Bows | 1 | |
| Strength of the Moon | 1 | |
| Moon Armor | 1 | |
| Ultravision | 1 | |
| Marksmanship | 1 | |
| Abolish Magic | 1 | |
6 total
» buildings
| Moon Well | 8 | |
| Altar of Elders | 1 | |
| Ancient of War | 2 | |
| Ancient of Wonders | 1 | |
| Tree of Ages | 1 | |
| Tree of Life | 1 | |
| Hunter's Hall | 2 | |
| Tree of Eternity | 1 | |
| Ancient of Lore | 2 | |
| Ancient of Wind | 1 | |
20 total
» build order
00:27 Moon Well
00:45 Altar of Elders
00:57 Ancient of War
01:47 Moon Well
02:05 Moon Well
02:22 Ancient of War
02:41 Moon Well
04:15 Moon Well
04:23 Ancient of Wonders
04:52 Tree of Ages
05:20 Tree of Life
05:59 Hunter's Hall
07:20 Tree of Eternity
07:33 Ancient of Lore
08:44 Moon Well
09:08 Hunter's Hall
09:16 Moon Well
09:58 Ancient of Lore
11:57 Moon Well
15:45 Ancient of Wind
JakeTheldiotBoy (
orange | 61 APM | 2174 actions | 35:37)
10 Blademaster
3 Wind Walk
3 Critical Strike
1 Bladestorm
3 Mirror Image
» actions
| Assign group hotkey | 29 | |
| Basic commands | 29 | |
| Build / train | 68 | |
| Enter build submenu | 38 | |
| Enter hero's abilities submenu | 10 | |
| Give item / drop item | 4 | |
| Right click | 1206 | |
| Select / deselect | 277 | |
| Select group hotkey | 324 | |
| Use ability | 189 | |
2174 total
» units
| Peon | 17 | |
| Grunt | 4 | |
| Wind Rider | 3 | |
| Troll Batrider | 10 | |
| Troll Witch Doctor | 1 | |
35 total
» upgrades
| Reinforced Defenses | 1 | |
| Ranged Weapons | 3 | |
| Armor | 2 | |
| Envenomed Spears | 1 | |
| Liquid Fire | 1 | |
8 total
» buildings
| Orc Burrow | 7 | |
| Altar of Storms | 1 | |
| Barracks | 1 | |
| Voodoo Lounge | 4 | |
| Stronghold | 1 | |
| War Mill | 1 | |
| Great Hall | 1 | |
| Watch Tower | 13 | |
| Fortress | 1 | |
| Beastiary | 3 | |
| Spirit Lodge | 1 | |
34 total
» build order
00:11 Orc Burrow
00:51 Orc Burrow
00:57 Altar of Storms
01:04 Barracks
02:37 Voodoo Lounge
03:23 Stronghold
04:11 War Mill
06:14 Great Hall
06:20 Watch Tower
06:21 Watch Tower
06:22 Watch Tower
06:28 Watch Tower
06:30 Watch Tower
06:31 Watch Tower
09:07 Fortress
10:19 Beastiary
10:19 Beastiary
10:24 Beastiary
12:10 Orc Burrow
16:22 Voodoo Lounge
16:23 Spirit Lodge
18:34 Watch Tower
18:35 Watch Tower
18:35 Watch Tower
18:35 Watch Tower
18:36 Watch Tower
18:43 Watch Tower
19:12 Orc Burrow
22:46 Orc Burrow
22:47 Orc Burrow
22:49 Orc Burrow
24:40 Voodoo Lounge
24:46 Voodoo Lounge
» items
| Healing Salve | 3 | |
| Potion of Healing | 2 | |
| Potion of Mana | 2 | |
| Scroll of Town Portal | 1 | |
| Lesser Clarity Potion | 2 | |
| Orb of Lightning | 1 | |
| Periapt of Vitality | 1 | |
12 total
LikeWolves (
yellow | 88 APM | 3127 actions | 35:39)
8 Archmage
2 Summon Water Elemental
3 Brilliance Aura
2 Blizzard
1 Mass Teleport
» actions
| Assign group hotkey | 120 | |
| Basic commands | 106 | |
| Build / train | 207 | |
| ESC pressed | 28 | |
| Enter build submenu | 91 | |
| Enter hero's abilities submenu | 7 | |
| Give item / drop item | 6 | |
| Right click | 1192 | |
| Select / deselect | 374 | |
| Select group hotkey | 701 | |
| Use ability | 295 | |
3127 total
» units
| Peasant | 54 | |
| Footman | 11 | |
| Sorceress | 1 | |
| Gryphon Rider | 4 | |
| Dragonhawk Rider | 1 | |
71 total
» upgrades
| Masonry | 3 | |
| Lumber Harvesting | 2 | |
| Sorceress Training | 1 | |
| Magic Sentry | 1 | |
| Swords | 3 | |
| Armor | 3 | |
| Cloud | 1 | |
| Storm Hammers | 1 | |
| Backpack | 1 | |
16 total
» buildings
| Altar of Kings | 2 | |
| Barracks | 1 | |
| Farm | 9 | |
| Arcane Vault | 2 | |
| Lumber Mill | 3 | |
| Town Hall | 3 | |
| Keep | 11 | |
| Scout Tower | 40 | |
| Guard Tower | 49 | |
| Castle | 9 | |
| Arcane Sanctum | 1 | |
| Gryphon Aviary | 8 | |
| Blacksmith | 1 | |
| Moon Well | 10 | |
149 total
» build order
00:54 Altar of Kings
00:57 Barracks
00:59 Farm
01:05 Farm
01:38 Farm
02:08 Farm
02:22 Arcane Vault
02:26 Lumber Mill
04:04 Town Hall
04:46 Keep
04:47 Keep
04:47 Keep
05:14 Scout Tower
05:20 Scout Tower
05:22 Scout Tower
05:55 Guard Tower
06:35 Scout Tower
06:38 Scout Tower
07:03 Guard Tower
07:03 Guard Tower
07:03 Guard Tower
07:03 Guard Tower
07:05 Guard Tower
07:05 Guard Tower
07:53 Castle
07:53 Castle
07:57 Arcane Sanctum
08:03 Gryphon Aviary
08:04 Gryphon Aviary
09:57 Blacksmith
10:05 Scout Tower
10:06 Scout Tower
10:07 Scout Tower
10:08 Scout Tower
10:08 Scout Tower
10:37 Guard Tower
10:37 Guard Tower
10:39 Scout Tower
10:40 Scout Tower
10:42 Scout Tower
10:52 Scout Tower
10:56 Scout Tower
11:10 Scout Tower
11:11 Scout Tower
11:11 Scout Tower
11:14 Guard Tower
11:14 Guard Tower
11:30 Guard Tower
11:31 Guard Tower
11:31 Guard Tower
11:31 Guard Tower
11:59 Guard Tower
11:59 Guard Tower
11:59 Guard Tower
12:45 Town Hall
14:35 Arcane Vault
14:57 Guard Tower
14:58 Guard Tower
14:58 Guard Tower
14:58 Guard Tower
15:06 Scout Tower
15:07 Scout Tower
15:08 Scout Tower
15:08 Scout Tower
15:10 Scout Tower
15:17 Scout Tower
15:39 Scout Tower
15:40 Scout Tower
15:41 Scout Tower
15:41 Scout Tower
15:42 Scout Tower
15:44 Guard Tower
15:44 Guard Tower
15:45 Guard Tower
15:45 Guard Tower
16:17 Keep
16:17 Keep
16:17 Keep
17:49 Altar of Kings
18:30 Lumber Mill
18:34 Lumber Mill
19:12 Castle
19:12 Castle
19:12 Castle
21:33 Town Hall
23:27 Scout Tower
23:27 Scout Tower
23:28 Scout Tower
23:29 Scout Tower
23:30 Scout Tower
23:34 Scout Tower
23:58 Guard Tower
23:58 Guard Tower
23:59 Guard Tower
24:00 Guard Tower
24:01 Guard Tower
24:01 Guard Tower
24:01 Guard Tower
24:30 Scout Tower
24:30 Scout Tower
24:34 Scout Tower
24:35 Scout Tower
24:37 Scout Tower
24:53 Moon Well
24:54 Moon Well
24:54 Moon Well
24:55 Moon Well
24:56 Moon Well
25:24 Guard Tower
25:24 Guard Tower
26:52 Farm
26:54 Farm
26:55 Farm
26:56 Farm
26:58 Farm
29:59 Moon Well
29:59 Moon Well
30:00 Moon Well
30:01 Moon Well
30:02 Moon Well
30:51 Gryphon Aviary
30:54 Gryphon Aviary
31:33 Gryphon Aviary
31:34 Gryphon Aviary
33:27 Gryphon Aviary
33:28 Gryphon Aviary
» items
| Staff of Teleportation | 1 | |
| Scroll of Regeneration | 3 | |
| Potion of Lesser Invulnerability | 1 | |
| Potion of Invisibility | 1 | |
| Tome of Retraining | 1 | |
| Scroll of Town Portal | 2 | |
| Orb of Lightning | 1 | |
| Tiny Great Hall | 2 | |
| Healing Salve | 1 | |
13 total
bobbbobbbobbbob (
green | 31 APM | 548 actions | 17:48)
3 Demon Hunter
1 Immolation
2 Mana Burn
» actions
| Basic commands | 23 | |
| Build / train | 37 | |
| ESC pressed | 9 | |
| Enter build submenu | 24 | |
| Enter hero's abilities submenu | 3 | |
| Give item / drop item | 1 | |
| Remove unit from queue | 1 | |
| Right click | 239 | |
| Select / deselect | 166 | |
| Use ability | 45 | |
548 total
» units
| Wisp | 19 | |
| Archer | 2 | |
| Huntress | 3 | |
| Druid of the Claw | 1 | |
25 total
» upgrades
| Ultravision | 1 | |
| Nature's Blessing | 0 | |
| Strength of the Wild | 1 | |
| Reinforced Hides | 1 | |
| Druid of the Claw Training | 1 | |
| Abolish Magic | 1 | |
5 total
» buildings
| Ancient of War | 1 | |
| Moon Well | 7 | |
| Altar of Elders | 1 | |
| Hunter's Hall | 1 | |
| Ancient Protector | 8 | |
| Tree of Ages | 1 | |
| Ancient of Lore | 3 | |
| Tree of Eternity | 1 | |
| Tree of Life | 2 | |
25 total
» build order
00:17 Ancient of War
00:25 Moon Well
00:34 Altar of Elders
01:39 Moon Well
02:19 Hunter's Hall
02:40 Moon Well
03:36 Ancient Protector
03:53 Ancient Protector
04:41 Moon Well
05:01 Tree of Ages
06:00 Moon Well
06:18 Moon Well
07:04 Ancient Protector
08:10 Ancient of Lore
08:12 Ancient of Lore
08:14 Ancient of Lore
08:19 Moon Well
08:39 Tree of Eternity
10:03 Tree of Life
10:10 Ancient Protector
10:12 Ancient Protector
10:14 Ancient Protector
10:48 Tree of Life
10:53 Ancient Protector
10:56 Ancient Protector
Chat log
(00:23 / Allies) Roman: 4 tinkers?
(00:31 / Allies) JakeTheldiotBoy: Right
(00:34 / Allies) LikeWolves: I need an AM for later mass tp
(00:36 / Allies) Roman: we fuck them
(00:47 / All) DIET-PEPSI-4EVA: what is roman my boy!!!
(00:48 / Allies) Roman: no tunker
(00:58 / All) DIET-PEPSI-4EVA: what is up*
(00:58 / All) Roman: yo
(01:02 / All) DIET-PEPSI-4EVA: holla back
(01:13 / All) DIET-PEPSI-4EVA: idle hero?
(01:17 / All) Roman: tinker harras
(01:29 / Allies) JakeTheldiotBoy: had 4 on gold
(01:35 / All) DIET-PEPSI-4EVA: cool cool
(01:39 / Allies) JakeTheldiotBoy: eating cashews
(01:52 / Allies) JakeTheldiotBoy: forgot to make peons lawl
(02:01 / Allies) LikeWolves: Worth it for the cashews
(02:34 / Allies) Roman: mass archers
(04:45 / Allies) JakeTheldiotBoy: taking that one
(04:59 / Allies) Roman: oj
(05:00 / Allies) Roman: help
(05:01 / Allies) LikeWolves: Why not take these
(05:06 / Allies) JakeTheldiotBoy: I'm expoing it
(05:06 / Allies) LikeWolves: then I could get that one too
(05:16 / Allies) bobbbobbbobbbob: because it's least likely to get attacked...oj is a douche
(05:24 / Allies) JakeTheldiotBoy: Fucking faggot
(06:07 / Allies) Roman: middle?
(06:11 / Allies) Roman: or check expos
(07:39 / Allies) JakeTheldiotBoy: give mask
(07:41 / Allies) LikeWolves: Give mask of death to blademaster
(07:43 / Allies) LikeWolves: it's better on it
(07:55 / Allies) bobbbobbbobbbob: one sec
(07:58 / Allies) bobbbobbbobbbob: in my base
(08:04 / Allies) Roman: lets check their expos
(08:11 / Allies) JakeTheldiotBoy: are you going to give the mask
(08:16 / Allies) bobbbobbbobbbob: wtf did i just say noober
(08:21 / Allies) bobbbobbbobbbob: in my base
(08:22 / Allies) bobbbobbbobbbob: brt
(08:27 / Allies) JakeTheldiotBoy: I'm right next to you
(08:35 / Allies) bobbbobbbobbbob: i'm getting my ancients of lore going
(08:41 / Allies) JakeTheldiotBoy: yeah
(08:46 / Allies) JakeTheldiotBoy: lumber
(08:55 / Allies) JakeTheldiotBoy: wow he actually gave it up
(08:57 / Allies) bobbbobbbobbbob: and wtf, dh is melee hero too, eff all you
(08:59 / Allies) Roman: check
(09:00 / Allies) LikeWolves: Nice
(10:14 / Allies) LikeWolves: move wtf
(10:15 / Allies) Roman: go all
(10:27 / Allies) LikeWolves: hey I was taking that green
(10:29 / Allies) LikeWolves: Cancel those
(10:34 / Allies) bobbbobbbobbbob: you don't need two
(10:45 / Allies) Roman: lumber?/?
(11:00 / Allies) bobbbobbbobbbob: yellow, you don't need two mines
(11:03 / Allies) bobbbobbbobbbob: cut it the fuck out
(11:04 / Allies) LikeWolves: I want two
(11:18 / Allies) bobbbobbbobbbob: i TK if you do that
(11:22 / Allies) LikeWolves: Try it
(11:28 / Allies) bobbbobbbobbbob: i mean it's pretty simple
(11:32 / Allies) bobbbobbbobbbob: you won't win 4v3
(11:43 / Allies) LikeWolves: I don't care I'm 0-0
(11:46 / Allies) LikeWolves: And you're shit couldn't if you want
(11:49 / All) bobbbobbbobbbob: ytellow is TK
(11:56 / All) LikeWolves: Yeah says the one who threatened to tk me
(12:08 / All) LikeWolves: because you are a whiny bitch that doesn't want to give up an expo that is mine by right
(12:15 / Allies) bobbbobbbobbbob: hahaha, ok
(12:22 / Allies) Roman: yellow
(12:24 / Allies) Roman: dumb ass
(12:31 / Allies) LikeWolves: It's his fault not mine
(12:32 / Allies) Roman: idiot
(12:38 / Allies) LikeWolves: He doesn't "need" anything
(12:48 / All) bobbbobbbobbbob: yellow takes my expo, says "it's his by right" and claims I'm TK
(13:20 / Allies) bobbbobbbobbbob: wow, thx blue
(13:23 / Allies) bobbbobbbobbbob: never really see that
(13:33 / All) LikeWolves: Blue is a tker
(13:39 / All) bobbbobbbobbbob: yellow is a TK er
(14:01 / Allies) LikeWolves: nice archer micro
(14:19 / Allies) Roman: well
(14:19 / Allies) Roman: gg
(14:31 / All) LikeWolves: Blue and green just gave up
(14:37 / All) bobbbobbbobbbob: yellow is TK
(14:40 / All) bobbbobbbobbbob: TK him every time you see him
(14:49 / All) bobbbobbbobbbob: or he will TK you first
(14:49 / All) LikeWolves: I never attacked anyone
(14:49 / Allies) JakeTheldiotBoy: why didn't you just stsay out of blue
(14:51 / All) LikeWolves: unless attacked first
(14:53 / All) Roman: yes
(14:56 / All) Roman: yellow TK list
(15:00 / All) bobbbobbbobbbob: i never attacked you
(15:05 / All) bobbbobbbobbbob: you attacked my base
(15:12 / All) Roman: yellow dumb ass fag
(15:12 / All) LikeWolves: I never did? lol
(16:22 / Allies) LikeWolves: wood if you got any spare
(16:22 / All) Roman: mines and foots in ur ass yellow
(16:29 / All) JakeTheldiotBoy: lawl
(16:32 / All) LikeWolves: I still ahve more mines than I would otherwise if I lose my main
(16:34 / All) bobbbobbbobbbob: Yellow is TK
(16:42 / All) bobbbobbbobbbob: TK him every time you see him
(16:44 / All) bobbbobbbobbbob: or he will TK you
(16:50 / All) LikeWolves: I'm 0-0
(16:54 / All) LikeWolves: I don't use the same account twice
(16:56 / All) bobbbobbbobbbob: he has top two expos
(17:03 / All) bobbbobbbobbbob: thats becasue you always TK
(17:12 / All) bobbbobbbobbbob: you'll be able to tell by his douchiness
(17:25 / All) bobbbobbbobbbob: yellow is in top row, left corner and center expos
(17:37 / All) LikeWolves: They know that
(17:42 / All) LikeWolves: unles you think they are as blind as you
(23:05 / Allies) JakeTheldiotBoy: lumber
(25:05 / All) DIET-PEPSI-4EVA: HAIL MUSSOLINI
(25:08 / All) DIET-PEPSI-4EVA: kj
(25:21 / All) JakeTheldiotBoy: well that got ufcked up
(26:00 / All) LikeWolves: At least I have 15,000 gold even if my whole team got angry
(26:31 / All) DIET-PEPSI-4EVA: sorry
(26:33 / All) DIET-PEPSI-4EVA: mis click
(27:02 / Allies) JakeTheldiotBoy: lumber
(27:39 / All) DIET-PEPSI-4EVA: for real
(27:41 / All) DIET-PEPSI-4EVA: pink
(27:44 / All) DIET-PEPSI-4EVA: u owe me respect
(27:58 / All) RiKi_MaRu: no
(27:59 / All) RiKi_MaRu: i dont
(28:38 / All) DIET-PEPSI-4EVA: lol
(30:43 / All) LikeWolves: I was a complete leech this game, I stole everyone's gold and did nothing else
(31:04 / All) JakeTheldiotBoy: I was busy eating cashews
(31:11 / All) DIET-PEPSI-4EVA: i worked a little harder than i wanted
(33:05 / All) LikeWolves: Let me take those farms of red's
(33:10 / All) LikeWolves: aoe is fun on them
(34:10 / All) JakeTheldiotBoy: red'
(34:14 / All) JakeTheldiotBoy: Red is your mother a hooker?
(34:47 / All) DIET-PEPSI-4EVA: he hasnt said one word
(35:03 / All) DIET-PEPSI-4EVA: im eating chicken after this i dont care who wins
(35:21 / All) JakeTheldiotBoy: u team lose
(35:25 / All) LikeWolves: My key is stuck
(35:26 / All) LikeWolves: o2o2ps2222222222222222222
(35:31 / All) LikeWolves: I ca2n´t do s2h2i2t
(35:36 / All) DIET-PEPSI-4EVA: ill be back at like 8 or 8 30 jeopardy at 7
(35:36 / All) LikeWolves: 2wa2te2r2 2went un2de2 2m22y 2ke2y22b22o2a2d